 Dungeon Crawl Stone Soup version 0.31-a0-38-g1548c4f2a5 (webtiles) character file.

Game seed: 11460702344738849963

87 Returnofthet the Cudgeller (level 4, -4/29 HPs)
             Began as a Gargoyle Monk on May 16, 2023.
             Killed by divine providence
             ... invoked by an orc priest
              (17 damage)
             ... on level 3 of the Dungeon.
             The game lasted 00:02:18 (1214 turns).

Returnofthet the Cudgeller (Gargoyle Monk)          Turns: 1214, Time: 00:02:18

Health: -4/29      AC:  7    Str: 17    XL:     4   Next: 51%
Magic:  4/4        EV: 12    Int: 10    God:
Gold:   146        SH:  0    Dex: 12    Spells: 3/3 levels left

rFire   . . .        a - +0 mace
rCold   . . .        d - orb {light}
rNeg    + . .        b - +0 robe
rPois   ∞            (no helmet)
rElec   +            (no cloak)
rCorr   .            f - +0 pair of gloves
SInv    .            l - +0 pair of boots
Will    .....        (no amulet)
Stlth   +            (no ring)
HPRegen 0.24/turn    (no ring)
MPRegen 0.09/turn

%: no passive effects
@: glowing
A: sickness immunity, AC +3, negative energy resistance 1, electricity
resistance, torment resistance 1, petrification resistance
a: no special abilities


You were on level 3 of the Dungeon.
You visited 1 branch of the dungeon, and saw 3 of its levels.

You collected 146 gold pieces.

Inventory:

Hand Weapons
 a - a +0 mace (weapon)
Armour
 b - a +0 robe (worn)
 d - an orb of light (worn)
 f - a +0 pair of gloves (worn)
 l - a +0 pair of boots (worn)
Scrolls
 e - a scroll of poison {unknown}
 h - 2 scrolls of brand weapon {unknown}
 k - a scroll of fog {unknown}
 m - a scroll of identify {unknown}
Potions
 c - a potion of ambrosia
 g - a potion of degeneration {unknown}
 i - a potion of magic {unknown}
 j - a potion of heal wounds {unknown}
 n - a potion of lignification {unknown}


   Skills:
 + Level 4.0 Fighting
 + Level 4.0 Maces & Flails
 + Level 3.0 Dodging
 + Level 0.4 Stealth


You had 3 spell levels left.
You didn't know any spells.
Your spell library was empty.

Dungeon Overview and Level Annotations

Branches:
Dungeon (3/15)

Altars:

Shops:
D:1 =   D:2 =


Innate Abilities, Weirdness & Mutations

You are immune to sickness and miasma.
Your stone body is resilient. (AC +3)
You are immune to poison.
You resist negative energy. (rN+)
You are resistant to electric shocks. (rElec)
You are resistant to unholy torment.
You are immune to petrification.


Message History

You hit the orc.
You kill the orc!
The orc priest hits you but does no damage.
You hit the orc priest.
The orc priest is moderately wounded.
The orc priest hits you with a +0 club.
You are too injured to fight recklessly!
You are too injured to fight recklessly!
You are too injured to fight recklessly!
You are too injured to fight recklessly!
You are too injured to fight recklessly!
You are too injured to fight recklessly!
You are too injured to fight recklessly!
You are too injured to fight recklessly!
You are too injured to fight recklessly!
You are too injured to fight recklessly!
You are too injured to fight recklessly!
You are too injured to fight recklessly!
You are too injured to fight recklessly!
You are too injured to fight recklessly!
You are too injured to fight recklessly!
You are too injured to fight recklessly!
You are too injured to fight recklessly!
You are too injured to fight recklessly!
You are too injured to fight recklessly!
You are too injured to fight recklessly!
You are too injured to fight recklessly!
You are too injured to fight recklessly!
You are too injured to fight recklessly!
An orc priest is nearby!
You barely miss the orc priest.
The orc priest is moderately wounded.
The orc priest invokes the aid of Beogh against you.
You are unaffected.
You hit the orc priest.
The orc priest is heavily wounded.
The orc priest calls down the wrath of Beogh upon you.
Beogh smites you!
Ouch! That really hurt!
You die...

.... .... .....
###### .....
#....####......
#.......#......
#......)....#
#....$.@o..#
##########.###.####.#
#.......##......#
####.##.<#......#
#.....#..#.###.##
.....#............
..##.####..#######
.#...####..###
<..#.......#.#


You could see an orc priest.

Vanquished Creatures
  2 adders (D:2)
  2 dart slugs (D:1)
  2 orcs (D:3)
  8 ball pythons
  7 bats
  4 endoplasms (D:1)
  5 goblins
  8 hobgoblins
  6 jackals
  2 quokkas
  A frilled lizard (D:2)
  6 kobolds
  2 rats (D:1)
55 creatures vanquished.

Notes
Turn   | Place    | Note
-------+----------+-------------------------------------------
     0 | D:1      | Returnofthet the Gargoyle Monk began the quest for the Orb.
     0 | D:1      | Reached XP level 1. HP: 14/14 MP: 1/1
   121 | D:1      | Reached XP level 2. HP: 19/19 MP: 2/2
   233 | D:1      | Reached XP level 3. HP: 20/24 MP: 3/3
   335 | D:1      | Found Xugil's Jewellery Emporium.
   656 | D:2      | Reached XP level 4. HP: 20/29 MP: 4/4
  1044 | D:2      | Found Edaes's Jewellery Emporium.
  1214 | D:3      | Killed from afar by an orc priest

Illustrated notes

Levels and vault maps discovered:
D:1:      scummos_arrival_forest, layout_rooms, serial_shops, shop
D:2:      layout_basic, serial_shops, shop
D:3:      layout_basic, marbit_many_paths

Skill      XL: |  1  2  3  4 |
---------------+-------------+-----
Maces & Flails | 4 |  4.0
Fighting       | 4 |  4.0
Dodging        | 3 |  3.0
Stealth        | |  0.4

Action                     |  1- 3 |  4- 6 || total
---------------------------+-------+-------++-------
  Melee: Mace              |   110 |    55 ||   165
 Armour: Robe              |    61 |    24 ||    85
  Dodge: Dodged            |   106 |    35 ||   141

Table legend: (Time is in decaauts)
 A = Elapsed time spent in this place.
 B = Non-inter-level travel time spent in this place.
 C = Inter-level travel time spent in this place.
 D = Time resting spent in this place.
 E = Time spent auto-exploring this place.
 F = Levels seen in this place.
 G = Mean time per level.
                   A        B        C        D        E       F      G
               +--------+--------+--------+--------+--------+-----+--------+
         Total |   1248 |   1232 |     16 |     67 |    819 |   3 |  416.0 |
       Dungeon |   1248 |   1232 |     16 |     67 |    819 |   3 |  416.0 |
               +--------+--------+--------+--------+--------+-----+--------+

Top non-repeatable levels by time:
     D:2: 697 daAuts
     D:1: 436 daAuts
     D:3: 114 daAuts
